 Dungeon Crawl Stone Soup version 0.26-a0-639-g72c4674329 (webtiles) character file.

Game seed: 3990011016493280223

16 Apogee the Firebug (level 2, -1/15 HPs)
             Began as a Deep Elf Fire Elementalist on Sept 18, 2020.
             Slain by a hobgoblin (3 damage)
             ... on level 2 of the Dungeon.
             The game lasted 00:01:14 (728 turns).

Apogee the Firebug (Deep Elf Fire Elementalist)      Turns: 728, Time: 00:01:14

Health: -1/15      AC:  2    Str:  5    XL:     2   Next: 37%
Magic:  1/8        EV: 13    Int: 19    God:
Gold:   25         SH:  0    Dex: 15    Spells: 7/8 levels left

rFire    . . .     SeeInvis .   d - +0 whip
rCold    . . .     Faith    .   (no shield)
rNeg     . . .     Spirit   .   a - +0 robe
rPois    .         Reflect  .   (no helmet)
rElec    .         Harm     .   (no cloak)
rCorr    .         Rampage  .   (no gloves)
MR       .....                  (no boots)
Stlth    ++........             (no amulet)
HPRegen  0.05/turn              (no ring)
MPRegen  0.11/turn              (no ring)

@: no status effects
A: no striking features
a: no special abilities


You were on level 2 of the Dungeon.
You visited 1 branch of the dungeon, and saw 2 of its levels.

You collected 25 gold pieces.

Inventory:

Hand Weapons
 d - a +0 whip (weapon)
   (You found it on level 1 of the Dungeon)
Armour
 a - a +0 robe (worn)
Jewellery
 g - a +4 ring of evasion {unknown}
   (You found it on level 1 of the Dungeon)
Scrolls
 b - a scroll of teleportation {unknown}
 c - a scroll of blinking {unknown}
 h - a scroll of enchant armour {unknown}
 i - a scroll of remove curse {unknown}
Potions
 e - 2 potions of curing {unknown}
 f - a potion of lignification {unknown}
 j - a potion of haste {unknown}


   Skills:
 - Level 2.4 Dodging
 - Level 2.4 Stealth
 + Level 3.5 Spellcasting
 + Level 1.7 Conjurations
 + Level 3.6 Fire Magic


You had 7 spell levels left.
You knew the following spells:

 Your Spells              Type           Power        Failure   Level
a - Foxfire               Conj/Fire      ##..         4%          1

Your spell library contained the following spells:

 Spells                   Type           Power        Failure   Level
 Conjure Flame            Conj/Fire      ##......     14%         3
 Inner Flame              Hex/Fire       ##......     21%         3
 Sticky Flame             Conj/Fire      ##......     43%         4
 Fireball                 Conj/Fire      ##........   80%         5


Dungeon Overview and Level Annotations

Branches:
Dungeon (1/15)

Altars:


Message History

h - a scroll labeled UCHYASTREUR
Found 12 gold pieces.
A kobold comes into view. It is wielding a +0 dagger.
A kobold is nearby!
A kobold is nearby!
You conjure some foxfire!
You conjure some foxfire!
You conjure some foxfire!
The kobold shouts!
The foxfire hits the kobold.
You kill the kobold!
You conjure some foxfire!
i - a scroll labeled XAMEAP LEDGHIE
Found a leather armour.
Found a green potion.
You now have 25 gold pieces (gained 12).
Found a leather armour.
Found a brown potion.
j - a green potion You fall into a shaft and drop 1 floor!
The shaft crumbles and collapses.
Found a scroll labeled XAMEAP LEDGHIE. 2 rats and a worm come into view.
There are monsters nearby!
There are monsters nearby!
You conjure some foxfire!
You conjure some foxfire!
The foxfire hits the rat.
You kill the rat!
The foxfire hits the rat.
You kill the rat!
You conjure some foxfire!
The foxfire hits the worm but does no damage. x2
You conjure some foxfire!
The foxfire hits the worm but does no damage.
The foxfire hits the worm.
The worm bites you!
Ouch! That really hurt!
* * * LOW HITPOINT WARNING * * *
The foxfire hits the worm but does no damage.
The foxfire hits the worm.
You conjure some foxfire!
A hobgoblin comes into view.
The foxfire hits the worm. x2
You conjure some foxfire!
The foxfire hits the worm. x2
You conjure some foxfire!
The foxfire hits the worm.
The foxfire hits the hobgoblin.
The worm bites you.
* * * LOW HITPOINT WARNING * * *
The hobgoblin hits you but does no damage.
You conjure some foxfire!
The worm barely misses you. The hobgoblin hits you.
You die...

##########
#v@g......
####w########
#..†....#
#.......#
#..?........
#........###
#..........
#.......####
#########


You could see a worm and a hobgoblin.

Vanquished Creatures
  A goblin (D:1)
  6 hobgoblins (D:1)
  3 bats (D:1)
  2 kobolds (D:1)
  4 rats
16 creatures vanquished.

Vanquished Creatures (others)
  84 foxfires
84 creatures vanquished.

Grand Total: 100 creatures vanquished

Notes
Turn   | Place    | Note
-------+----------+-------------------------------------------
     0 | D:1      | Apogee the Deep Elf Fire Elementalist began the quest for
                  | the Orb.
     0 | D:1      | Reached XP level 1. HP: 10/10 MP: 6/6
   215 | D:1      | Reached XP level 2. HP: 15/15 MP: 5/8
   716 | D:1      | You fall into a shaft and drop 1 floor!
   728 | D:2      | Slain by a hobgoblin

Illustrated notes

Levels and vault maps discovered:
D:1:      dpeg_arrival_central, layout_basic
D:2:      layout_basic, lemuel_crystal_altar, led_sif_pool, nrook_mini_vaults,
          kennysheep_generic_room_15, uniq_sigmund

Action                   || total
-------------------------++-------
 Cast: Foxfire           ||    51
Armor: Robe              ||     1
Dodge: Dodged            ||     1

Table legend: (Time is in decaauts)
 A = Elapsed time spent in this place.
 B = Non-inter-level travel time spent in this place.
 C = Inter-level travel time spent in this place.
 D = Time resting spent in this place.
 E = Time spent auto-exploring this place.
 F = Levels seen in this place.
 G = Mean time per level.
                   A        B        C        D        E       F      G
               +--------+--------+--------+--------+--------+-----+--------+
         Total |    727 |    727 |      0 |     55 |    554 |   2 |  363.5 |
       Dungeon |    727 |    727 |      0 |     55 |    554 |   2 |  363.5 |
               +--------+--------+--------+--------+--------+-----+--------+

Top non-repeatable levels by time:
     D:1: 715 daAuts
     D:2: 11 daAuts
